 Dungeon Sprint DCSS version 0.29-a0-717-g6dac4ea423 (webtiles) character file.

Game seed: 18353810157168255649

35 rocky1 the Trooper (level 3, -1/44 HPs)
             Began as an Ogre Berserker on June 27, 2022.
             Was a Priest of Trog.
             Slain by an iguana (3 damage)
             ... in the Dungeon (Sprint VII: "The Pits").
             The game lasted 00:01:09 (388 turns).

rocky1 the Trooper (Ogre Berserker)                  Turns: 388, Time: 00:01:10

Health: -1/44      AC:  3    Str: 23    XL:     3   Next: 35%
Magic:  3/3        EV: 10    Int:  8    God:    Trog [***...]
Gold:   0          SH:  0    Dex:  8    Spells: 2/2 levels left

rFire   . . .      SeeInvis .   l - +2 mace
rCold   . . .      Faith    .   (no shield)
rNeg    . . .      Spirit   .   b - +0 animal skin
rPois   .          Reflect  .   (helmet restricted)
rElec   .          Harm     .   (no cloak)
rCorr   .          Rampage  .   (gloves unavailable)
Will    .....      NoTele   +   (boots unavailable)
Stlth   +.........              (no amulet)
HPRegen 0.14/turn               (no ring)
MPRegen 0.08/turn               (no ring)

@: no status effects
A: large, unfitting armour, tough skin 1
a: Renounce Religion, Berserk, Trog's Hand


You were in the Dungeon.
You worshipped Trog.
Trog was most pleased with you.
You visited 1 branch

Inventory:

Hand Weapons
 a - a +0 mace
 k - a +2 hand axe
 l - a +2 mace (weapon)
Armour
 b - a +0 animal skin (worn)
Scrolls
 h - a scroll of blinking
 j - a scroll of summoning
Potions
 c - a potion of curing
 e - a potion of haste
 f - 4 potions of magic
 g - 3 potions of berserk rage
 i - 2 potions of invisibility


   Skills:
 + Level 6.1 Fighting
 + Level 4.4 Maces & Flails
 + Level 4.2 Dodging


You had 2 spell levels left.
You didn't know any spells.
Your spell library was empty.

Dungeon Overview and Level Annotations

Branches:
Dungeon (1/1)

Altars:
Cheibriados
Dithmenos
Elyvilon
Fedhas
Gozag
Hepliaklqana
Makhleb
Nemelex Xobeh
Okawaru
Qazlal
Ru
Sif Muna
Trog
Vehumet
Wu Jian
Xom
Yredelemnul
Zin
The Shining One
Beogh
Jiyva
Lugonu


Innate Abilities, Weirdness & Mutations

You are too large for most types of armour.
You have tough skin. (AC +1)


Message History

You hit the ball python.
The ball python is moderately wounded.
The ball python misses you. The iguana bites you!
You closely miss the ball python.
The ball python is moderately wounded.
The ball python bites you but does no damage.
The iguana completely misses you. The ball python bites you.
You completely miss the ball python.
The ball python is moderately wounded.
The iguana barely misses you. The ball python bites you.
The iguana barely misses you.
You sock the ball python!
You kill the ball python!
Trog accepts your kill. The iguana barely misses you.
You barely miss the iguana. The iguana closely misses you.
You completely miss the iguana. The iguana closely misses you.
You hit the iguana but do no damage. The iguana misses you.
The iguana bites you!
You hit the iguana but do no damage. The iguana bites you.
The iguana closely misses you.
You barely miss the iguana. The iguana bites you!
* * * LOW HITPOINT WARNING * * *
You closely miss the iguana. The iguana closely misses you.
You feel much better. The iguana closely misses you.
You hit the iguana.
The iguana is lightly wounded.
The iguana bites you.
You barely miss the iguana.
The iguana is lightly wounded.
The iguana bites you!
* * * LOW HITPOINT WARNING * * *
You hit the iguana but do no damage. You punch the iguana, but do no damage.
The iguana is lightly wounded.
The iguana barely misses you. The iguana bites you.
* * * LOW HITPOINT WARNING * * *
You thump the iguana!
The iguana is severely wounded.
The iguana bites you.
You die...

#...........'...........
#+#####'#####......#..#.
#..#..# #...........
#..)..# ####'#####++
#..#### #.......#
#..#..# #.......#
#..#..# #.......#
##'#†l#+###...<...#
#....@...##.......#
#........##.......#
###########.......#
#########


You could see an iguana.

Vanquished Creatures
  A gnoll (D)
  2 adders (D)
  A bat zombie (D)
  2 endoplasms (D)
  A kobold (D)
  2 ball pythons (D)
9 creatures vanquished.

Notes
Turn   | Place    | Note
-------+----------+-------------------------------------------
     0 | D        | rocky1 the Ogre Berserker began the quest for the Orb.
     0 | D        | Reached XP level 1. HP: 24/24 MP: 1/1
    24 | D        | Found a bloodstained altar of Trog.
    24 | D        | Found a shimmering blue altar of Sif Muna.
    24 | D        | Found a viscous altar of Jiyva.
    24 | D        | Found a hazy altar of Hepliaklqana.
    24 | D        | Found an opulent altar of Gozag.
    25 | D        | Found a glowing golden altar of the Shining One.
    25 | D        | Found a glowing silver altar of Zin.
    25 | D        | Found a basalt altar of Yredelemnul.
    25 | D        | Found a shimmering altar of Xom.
    25 | D        | Found an ornate altar of the Wu Jian Council.
    25 | D        | Found a sacrificial altar of Ru.
    25 | D        | Found a stormy altar of Qazlal.
    25 | D        | Found an iron altar of Okawaru.
    25 | D        | Found a sparkling altar of Nemelex Xobeh.
    25 | D        | Found a burning altar of Makhleb.
    25 | D        | Found a blossoming altar of Fedhas.
    25 | D        | Found a white marble altar of Elyvilon.
    25 | D        | Found a shadowy altar of Dithmenos.
    25 | D        | Found a snail-covered altar of Cheibriados.
    28 | D        | Found a corrupted altar of Lugonu.
    28 | D        | Found a radiant altar of Vehumet.
    71 | D        | Reached skill level 5 in Fighting
    71 | D        | Reached XP level 2. HP: 34/35 MP: 2/2
    74 | D        | Reached ** piety under Trog
   198 | D        | Reached XP level 3. HP: 44/44 MP: 3/3
   200 | D        | Reached skill level 6 in Fighting
   364 | D        | Reached *** piety under Trog
   382 | D        | HP: 2/44 [iguana (13)]
   387 | D        | HP: 2/44 [iguana (2)]
   388 | D        | Slain by an iguana

Illustrated notes

Levels and vault maps discovered:
D:        pitsprint [storerooms_1, entrance_room_1, metal_vault_6, armoury_3,
          mini_pit_1, grid_room_1, main_hall_1, silver_pit, the_coven_3,
          the_vestibule_1, steel_vault_4, golden_pit, hallway_of_sentries,
          crystal_vault_6, iron_vault_5, final_vault]

Skill      XL: |  1  2  3 |
---------------+----------+-----
Fighting       | 5 6 |  6.1
Maces & Flails | 3 4 |  4.4
Dodging        | 3 4 |  4.2

Action                   || total
-------------------------++-------
Melee: Mace              ||    37
       Punch             ||     1
Invok: Berserk           ||     1
  Use: Potion            ||     1
Armor: Animal skin       ||    17
Dodge: Dodged            ||    33

Table legend: (Time is in decaauts)
 A = Elapsed time spent in this place.
 B = Non-inter-level travel time spent in this place.
 C = Inter-level travel time spent in this place.
 D = Time resting spent in this place.
 E = Time spent auto-exploring this place.
 F = Levels seen in this place.
 G = Mean time per level.
                   A        B        C        D        E       F      G
               +--------+--------+--------+--------+--------+-----+--------+
         Total |    409 |    409 |      0 |    281 |      0 |   1 |  409.0 |
       Dungeon |    409 |    409 |      0 |    281 |      0 |   1 |  409.0 |
               +--------+--------+--------+--------+--------+-----+--------+

Top non-repeatable levels by time:
       D: 409 daAuts
